| TOP OF THE 1ST |
|
Stanford University Cardinal batting - Pitching for Vanderbilt University Commodores : RHP Gabriel Marsh
|
|
Pitching: RHP Gabriel Marsh
|
|
|
Batting: RHB John Van der Linden
|
0-0: Called Strike 0-1: Ball 1-1: Called Strike 1-2: Strikes out swinging
|
|
Batting: RHB Bobby Orantez
|
0-0: Called Strike 0-1: Ground out 5-3 (Groundball, 56S, EV 93.1 MPH)
|
|
Batting: RHB Josh Benefield
|
0-0: Called Strike 0-1: SINGLE (Line Drive, 7S, EV 96.2 MPH)
|
|
Batting: RHB Joe Petley
|
0-0: Ground out 4-3 (Groundball, 4, EV 83.1 MPH)
|
| Top of the 1st over - 0 runs, 1 hit, 0 errors, 1 left on base; Stanford University 0 - Vanderbilt University 0 |
| BOTTOM OF THE 1ST |
|
Vanderbilt University Commodores batting - Pitching for Stanford University Cardinal : RHP Joe Kill
|
|
Pitching: RHP Joe Kill
|
|
|
Batting: RHB Brian Pflughoeft
|
0-0: Ball 1-0: Foul Ball, location: 2F 1-1: Ball 2-1: Swinging Strike 2-2: Strikes out looking
|
|
Batting: RHB Takashi Takeuchi
|
0-0: Ball 1-0: SOLO HOME RUN (Flyball, 7D, EV 108.1 MPH), Distance : 404 ft
|
|
Batting: RHB Paul Johnson
|
0-0: Foul Ball, location: 2F 0-1: Swinging Strike 0-2: Foul Ball, location: 2F 0-2: Foul Ball, location: 2F 0-2: Ball 1-2: Fly out, F7 (Flyball, 7S, EV 81.2 MPH)
|
|
Batting: LHB Tokito Ishizaki
|
0-0: Ball 1-0: Ball 2-0: Foul Ball, location: 2F 2-1: Foul Ball, location: 2F 2-2: Ground out 3-1 (Groundball, 34, EV 90.6 MPH)
|
| Bottom of the 1st over - 1 run, 1 hit, 0 errors, 0 left on base; Stanford University 0 - Vanderbilt University 1 |
| TOP OF THE 2ND |
|
Stanford University Cardinal batting - Pitching for Vanderbilt University Commodores : RHP Gabriel Marsh
|
|
Batting: RHB Dzevat Koljevic
|
0-0: Ball 1-0: Ball 2-0: Ball 3-0: Called Strike 3-1: Base on Balls
|
|
Batting: SHB Philippe Huff
|
0-0: Ground out U3 (Groundball, 34S, EV 86.2 MPH) Dzevat Koljevic to second
|
|
Batting: RHB Eric McDonald
|
0-0: Ball 1-0: Ground out 6-3 (Groundball, 6, EV 101.9 MPH)
|
|
Batting: RHB Ricky Medina
|
0-0: Called Strike 0-1: Fly out, F8 (Flyball, 8RS, EV 90.6 MPH)
|
| Top of the 2nd over - 0 runs, 0 hits, 0 errors, 1 left on base; Stanford University 0 - Vanderbilt University 1 |
| BOTTOM OF THE 2ND |
|
Vanderbilt University Commodores batting - Pitching for Stanford University Cardinal : RHP Joe Kill
|
|
Batting: RHB Min Tann
|
0-0: Foul Ball, location: 2F 0-1: Ball 1-1: Ball 2-1: Foul Ball, location: 2F 2-2: Strikes out swinging
|
|
Batting: SHB D.J. Davis
|
0-0: Fly out, F5 (Popup, 6S, EV 81.2 MPH)
|
|
Batting: RHB Ruben Reyna
|
0-0: Called Strike 0-1: Ground out 4-3 (Groundball, 4, EV 80.0 MPH)
|
| Bottom of the 2nd over - 0 runs, 0 hits, 0 errors, 0 left on base; Stanford University 0 - Vanderbilt University 1 |
| TOP OF THE 3RD |
|
Stanford University Cardinal batting - Pitching for Vanderbilt University Commodores : RHP Gabriel Marsh
|
|
Batting: RHB Mike Gard
|
0-0: Ball 1-0: Reached on error, E5 (Groundball, 56, EV 105.0 MPH)
|
|
Batting: RHB John Van der Linden
|
0-0: Ball 1-0: Fly out, F8 (Flyball, 8RD, EV 100.0 MPH)
|
|
Batting: RHB Bobby Orantez
|
0-0: Called Strike 0-1: Ball 1-1: SINGLE (Flyball, 3D, EV 93.8 MPH) Mike Gard to second
|
|
Batting: RHB Josh Benefield
|
0-0: Ball 1-0: Foul Ball, location: 2F 1-1: Ball 2-1: Ball 3-1: Reached on error, E4 (Groundball, 4, EV 87.5 MPH) Mike Gard to third Bobby Orantez to second
|
|
Batting: RHB Joe Petley
|
0-0: Foul Ball, location: 2F 0-1: Fly out, F7 (Flyball, 7D, EV 73.1 MPH) Runner from 3rd tags up, SCORES, throw by LF Bobby Orantez to third
|
|
Batting: RHB Dzevat Koljevic
|
0-0: Called Strike 0-1: Ball 1-1: Fly out, F8 (Flyball, 8LD, EV 99.4 MPH)
|
| Top of the 3rd over - 1 run, 1 hit, 2 errors, 2 left on base; Stanford University 1 - Vanderbilt University 1 |
| BOTTOM OF THE 3RD |
|
Vanderbilt University Commodores batting - Pitching for Stanford University Cardinal : RHP Joe Kill
|
|
Batting: LHB Josh Jett
|
0-0: Ball 1-0: Foul Ball, location: 2F 1-1: Called Strike 1-2: Foul Ball, location: 2F 1-2: Strikes out swinging
|
|
Batting: SHB Robbie Glover
|
0-0: Foul Ball, location: 2F 0-1: Foul Ball, location: 2F 0-2: DOUBLE (Line Drive, 7LS, EV 95.6 MPH)
|
|
Batting: RHB Brian Pflughoeft
|
0-0: Ball 1-0: Foul Ball, location: 2F 1-1: Ball 2-1: Ball 3-1: Foul Ball, location: 2F 3-2: Foul Ball, location: 2F 3-2: Strikes out swinging
|
|
Batting: RHB Takashi Takeuchi
|
0-0: Swinging Strike 0-1: Swinging Strike 0-2: Ball 1-2: Fly out, F8 (Line Drive, 8RM, EV 111.2 MPH)
|
| Bottom of the 3rd over - 0 runs, 1 hit, 0 errors, 1 left on base; Stanford University 1 - Vanderbilt University 1 |
| TOP OF THE 4TH |
|
Stanford University Cardinal batting - Pitching for Vanderbilt University Commodores : RHP Gabriel Marsh
|
|
Batting: SHB Philippe Huff
|
0-0: Ball 1-0: Swinging Strike 1-1: Ground out U3 (Groundball, 3S, EV 84.4 MPH)
|
|
Batting: RHB Eric McDonald
|
0-0: Ball 1-0: Ball 2-0: Called Strike 2-1: Foul Ball, location: 2F 2-2: Ball 3-2: Ground out 4-3 (Groundball, 4, EV 101.2 MPH)
|
|
Batting: RHB Ricky Medina
|
0-0: Fly out, F3 (Popup, 3, EV 75.0 MPH)
|
| Top of the 4th over - 0 runs, 0 hits, 0 errors, 0 left on base; Stanford University 1 - Vanderbilt University 1 |
| BOTTOM OF THE 4TH |
|
Vanderbilt University Commodores batting - Pitching for Stanford University Cardinal : RHP Joe Kill
|
|
Batting: RHB Paul Johnson
|
0-0: Ball 1-0: Swinging Strike 1-1: Foul Ball, location: 2F 1-2: SINGLE (Groundball, 5L, EV 103.8 MPH) (infield hit)
|
|
Batting: LHB Tokito Ishizaki
|
0-0: Called Strike 0-1: Grounds into double play, 5-4-3 (Groundball, 5, EV 98.8 MPH)
|
|
Batting: RHB Min Tann
|
0-0: Called Strike 0-1: Fly out, F8 (Line Drive, 78D, EV 95.0 MPH)
|
| Bottom of the 4th over - 0 runs, 1 hit, 0 errors, 0 left on base; Stanford University 1 - Vanderbilt University 1 |
| TOP OF THE 5TH |
|
Stanford University Cardinal batting - Pitching for Vanderbilt University Commodores : RHP Gabriel Marsh
|
|
Batting: RHB Mike Gard
|
0-0: Ball 1-0: Ground out 5-3 (Groundball, 15, EV 83.8 MPH)
|
|
Pinch Hitting: RHB Erwin Young
|
0-0: Swinging Strike 0-1: Ball 1-1: Ball 2-1: Foul Ball, location: 2F 2-2: Ball 3-2: Strikes out swinging
|
|
Batting: RHB Bobby Orantez
|
0-0: Foul Ball, location: 2F 0-1: Fly out, F9 (Flyball, 9D, EV 101.9 MPH)
|
| Top of the 5th over - 0 runs, 0 hits, 0 errors, 0 left on base; Stanford University 1 - Vanderbilt University 1 |
| BOTTOM OF THE 5TH |
|
Vanderbilt University Commodores batting - Pitching for Stanford University Cardinal : RHP Joe Kill
|
|
Now at 2B: Erwin Young
|
|
|
Batting: SHB D.J. Davis
|
0-0: Swinging Strike 0-1: Foul Ball, location: 2F 0-2: Ball 1-2: Foul Ball, location: 2F 1-2: Ball 2-2: Strikes out swinging
|
|
Batting: RHB Ruben Reyna
|
0-0: Ball 1-0: Called Strike 1-1: Foul Ball, location: 2F 1-2: Fly out, F7 (Flyball, 78M, EV 95.0 MPH)
|
|
Batting: LHB Josh Jett
|
0-0: Called Strike 0-1: Called Strike 0-2: Ball 1-2: Hit by Pitch
|
|
Batting: SHB Robbie Glover
|
0-0: Foul Ball, location: 2F 0-1: Called Strike 0-2: Ball 1-2: Ball 2-2: Strikes out swinging
|
| Bottom of the 5th over - 0 runs, 0 hits, 0 errors, 1 left on base; Stanford University 1 - Vanderbilt University 1 |
| TOP OF THE 6TH |
|
Stanford University Cardinal batting - Pitching for Vanderbilt University Commodores : RHP Gabriel Marsh
|
|
Now at C: Sam Kerwin
|
|
|
Pinch Hitting: LHB Mike Keating
|
0-0: Hit by Pitch
|
|
Batting: LHB Andy Swan
|
0-0: Ball 1-0: Swinging Strike 1-1: Ground out 5-3 (Groundball, 5S, EV 70.0 MPH) Mike Keating to second
|
|
Batting: RHB Dzevat Koljevic
|
0-0: Ball 1-0: Fly out, F4 (Popup, 4, EV 73.1 MPH)
|
|
Batting: SHB Philippe Huff
|
0-0: Called Strike 0-1: Fly out, F5 (Popup, 25F, EV 91.2 MPH)
|
| Top of the 6th over - 0 runs, 0 hits, 0 errors, 1 left on base; Stanford University 1 - Vanderbilt University 1 |
| BOTTOM OF THE 6TH |
|
Vanderbilt University Commodores batting - Pitching for Stanford University Cardinal : RHP Joe Kill
|
|
Now in LF: Mike Keating
|
|
|
Now in RF: Eric McDonald
|
|
|
Pinch Hitting: RHB Jose Ramos
|
0-0: Ball 1-0: Ball 2-0: Ball 3-0: Called Strike 3-1: Foul Ball, location: 2F 3-2: Fly out, F8 (Flyball, 89M, EV 88.1 MPH)
|
|
Batting: RHB Edgar Fernandez
|
0-0: Called Strike 0-1: Foul Ball, location: 2F 0-2: Ball 1-2: Foul Ball, location: 2F 1-2: Foul Ball, location: 2F 1-2: Ball 2-2: Strikes out swinging
|
|
Batting: RHB Paul Johnson
|
0-0: Ball 1-0: Called Strike 1-1: Called Strike 1-2: Fly out, F3 (Popup, 3S, EV 78.1 MPH)
|
| Bottom of the 6th over - 0 runs, 0 hits, 0 errors, 0 left on base; Stanford University 1 - Vanderbilt University 1 |
| TOP OF THE 7TH |
|
Stanford University Cardinal batting - Pitching for Vanderbilt University Commodores : RHP Gabriel Marsh
|
|
Now in CF: Jose Ramos
|
|
|
Batting: RHB Eric McDonald
|
0-0: Ball 1-0: Ground out 6-3 (Groundball, 6M, EV 83.8 MPH)
|
|
Pinch Hitting: LHB Donny Kleinjan
|
0-0: Ball 1-0: Ball 2-0: Ball 3-0: Base on Balls
|
|
DELAY
|
Rain delay of 60 minutes in the 7th inning.
|
|
Pitching: LHP Lothar Wendelin
|
|
|
Batting: RHB Mike Gard
|
0-0: Foul Ball, location: 2F 0-1: Ball 1-1: Ball 2-1: Called Strike 2-2: Grounds into double play, 5-4-3 (Groundball, 5L, EV 85.0 MPH)
|
| Top of the 7th over - 0 runs, 0 hits, 0 errors, 0 left on base; Stanford University 1 - Vanderbilt University 1 |
| BOTTOM OF THE 7TH |
|
Vanderbilt University Commodores batting - Pitching for Stanford University Cardinal : RHP Joe Kill
|
|
Pitching: RHP Steven Townsend
|
|
|
Now at 1B: Gary Preston
|
|
|
Batting: LHB Tokito Ishizaki
|
0-0: Ball 1-0: Fly out, F8 (Line Drive, 8LM, EV 93.8 MPH)
|
|
Batting: RHB Min Tann
|
0-0: Called Strike 0-1: Ball 1-1: Ground out 5-3 (Groundball, 56, EV 102.5 MPH)
|
|
Pinch Hitting: RHB En-lai Kong
|
0-0: Ball 1-0: Ball 2-0: Foul Ball, location: 2F 2-1: Foul Ball, location: 2F 2-2: Ground out 3-1 (Groundball, 34, EV 83.8 MPH)
|
| Bottom of the 7th over - 0 runs, 0 hits, 0 errors, 0 left on base; Stanford University 1 - Vanderbilt University 1 |
| TOP OF THE 8TH |
|
Stanford University Cardinal batting - Pitching for Vanderbilt University Commodores : LHP Lothar Wendelin
|
|
Pitching: RHP Matt Lane
|
|
|
Now at 2B: En-lai Kong
|
|
|
Batting: RHB Erwin Young
|
0-0: Fly out, F5 (Popup, 5S, EV 83.1 MPH)
|
|
Batting: RHB Bobby Orantez
|
0-0: Reached on error, E5 (Groundball, 56S, EV 93.1 MPH)
|
|
Batting: LHB Mike Keating
|
0-0: SINGLE (Line Drive, 34, EV 96.9 MPH) Bobby Orantez to second
|
|
Batting: LHB Andy Swan
|
0-0: Called Strike 0-1: Ball 1-1: Hit by Pitch Bobby Orantez to third Mike Keating to second
|
|
Batting: RHB Dzevat Koljevic
|
0-0: Ball 1-0: Called Strike 1-1: Ball 2-1: Swinging Strike 2-2: Strikes out swinging
|
|
Batting: SHB Philippe Huff
|
0-0: Ball 1-0: Called Strike 1-1: Foul Ball, location: 2F 1-2: Ball 2-2: Ball 3-2: Fly out, F6 (Popup, 6, EV 55.0 MPH)
|
| Top of the 8th over - 0 runs, 1 hit, 1 error, 3 left on base; Stanford University 1 - Vanderbilt University 1 |
| BOTTOM OF THE 8TH |
|
Vanderbilt University Commodores batting - Pitching for Stanford University Cardinal : RHP Steven Townsend
|
|
Batting: RHB Sam Kerwin
|
0-0: Called Strike 0-1: Fly out, F8 (Flyball, 89D, EV 91.2 MPH)
|
|
Batting: LHB Josh Jett
|
0-0: Called Strike 0-1: SOLO HOME RUN (Flyball, 9D, EV 98.8 MPH), Distance : 367 ft
|
|
Batting: SHB Robbie Glover
|
0-0: Called Strike 0-1: Foul Ball, location: 2F 0-2: Ball 1-2: Ball 2-2: Strikes out swinging
|
|
Pitching: RHP Dante Verduzco
|
|
|
Batting: RHB Jose Ramos
|
0-0: Foul Ball, location: 2F 0-1: DOUBLE (Groundball, 5L, EV 104.4 MPH)
|
|
Batting: RHB Edgar Fernandez
|
0-0: Ground out 4-3 (Groundball, 4M, EV 99.4 MPH)
|
| Bottom of the 8th over - 1 run, 2 hits, 0 errors, 1 left on base; Stanford University 1 - Vanderbilt University 2 |
| TOP OF THE 9TH |
|
Stanford University Cardinal batting - Pitching for Vanderbilt University Commodores : RHP Matt Lane
|
|
Pitching: LHP Ethan Roberson
|
|
|
Batting: RHB Eric McDonald
|
0-0: Ball 1-0: Ball 2-0: Called Strike 2-1: SINGLE (Groundball, 6MD, EV 94.4 MPH)
|
|
Batting: RHB Gary Preston
|
0-0: Called Strike 0-1: Called Strike 0-2: Foul Ball, location: 2F 0-2: Foul Ball, location: 2F 0-2: Foul Ball, location: 2F 0-2: Foul Ball, location: 2F 0-2: Ball 1-2: Fly out, F7 (Flyball, 78M, EV 90.6 MPH)
|
|
Batting: RHB Mike Gard
|
0-0: Ball 1-0: Fielders Choice at 2nd, 4-6 (Groundball, 4, EV 93.8 MPH)
|
|
Batting: RHB Erwin Young
|
0-0: Fly out, F8 (Flyball, 8LD, EV 86.9 MPH)
|
| Top of the 9th over - 0 runs, 1 hit, 0 errors, 1 left on base; Stanford University 1 - Vanderbilt University 2 |
|